 Dungeon Crawl Stone Soup version 0.31-a0-83-gbff143cfd1 (webtiles) character file.

Game seed: 15703603989639760617

128 Esekla the Sneak (level 5, -8/36 HPs)
             Began as an Octopode Delver on May 24, 2023.
             Was an Initiate of Gozag.
             Killed from afar by Jessica (16 damage)
             ... with a bolt of light
             ... on level 3 of the Dungeon.
             The game lasted 00:09:34 (2758 turns).

Esekla the Sneak (Octopode Delver)                  Turns: 2758, Time: 00:09:35

Health: -8/36      AC:  1    Str: 11    XL:     5   Next: 11%
Magic:  6/6        EV: 13    Int: 14    God:    Gozag
Gold:   410        SH:  0    Dex: 14    Spells: 6/6 levels left

rFire   . . .        a - +0 falchion
rCold   . . .        (no shield)
rNeg    . . .        (helmet restricted)
rPois   .            (no amulet)
rElec   .            j - ring of wizardry
rCorr   .            (no ring)
SInv    .            (no ring)
Will    .....        (no ring)
Stlth   +++++        (no ring)
HPRegen 0.26/turn    (no ring)
MPRegen 0.10/turn    (no ring)
                     (no ring)

%: wizardry (x1)
@: no status effects
A: almost no armour, amphibious, 8 rings, camouflage 1, gelatinous body 1,
(nimble swimmer 1), tentacles
a: Renounce Religion, Potion Petition, Call Merchant, Bribe Branch


You were on level 3 of the Dungeon.
You worshipped Gozag.
Gozag was aware of your devotion.
You visited 2 branches of the dungeon, and saw 6 of its levels.

You collected 415 gold pieces.
You paid 5 gold pieces to Gozag.

Inventory:

Hand Weapons
 a - a +0 falchion (weapon)
 r - a +0 trident
 s - a +0 dagger
Magical Staves
 o - a staff of death
Jewellery
 c - a ring of fire
 j - a ring of wizardry (left tentacle)
Wands
 f - a wand of digging (3)
Scrolls
 b - a scroll of fog
 g - a scroll of identify
 m - a scroll of enchant armour {unknown}
Potions
 d - a potion of curing {unknown}
 e - 2 potions of haste
 h - a potion of brilliance {unknown}
 i - a potion of degeneration {unknown}
 k - a potion of heal wounds {unknown}
 l - a potion of attraction {unknown}
 n - 2 potions of might {unknown}


   Skills:
 * Level 3.5 Fighting
 + Level 0.3(1.8) Short Blades
 * Level 2.9(3.0) Long Blades
 * Level 2.5 Dodging
 + Level 7.7 Stealth
 * Level 1.1 Spellcasting


You had 6 spell levels left.
You didn't know any spells.
Your spell library contained the following spells:

 Spells                   Type           Power      Damage    Failure   Level
 Static Discharge         Conj/Air       0%         2-2/arc   16%         2
 Airstrike                Air            0%         2d(0-16)  67%         4
 Summon Lightning Spire   Summ/Air       0%         N/A       69%         4


Dungeon Overview and Level Annotations

Branches:
Dungeon (5/15)             Temple (1/1) D:5

Altars:
Gozag
Qazlal
Sif Muna
Trog

Annotations:
D:3 Jessica


Innate Abilities, Weirdness & Mutations

You cannot wear most types of armour.
You are amphibious.
You can wear up to eight rings at the same time.
Your skin changes colour to match your surroundings (Stealth+).
Your rubbery body absorbs attacks. (AC +1, EV +1)
((You are camouflaged when in or above water. (Stealth+)))
You have tentacles for arms and can constrict up to eight enemies at once.


Message History

You impale the hobgoblin!!
You kill the hobgoblin!
You now have 391 gold pieces (gained 4).
A hobgoblin comes into view.
The helpless hobgoblin fails to defend itself.
You impale the hobgoblin!!
You kill the hobgoblin!
You now have 397 gold pieces (gained 6).
A bat comes into view.
Found a scale mail.
The helpless bat fails to defend itself.
You impale the bat!!
You kill the bat!
You now have enough gold to petition Gozag for potion effects.
You now have 405 gold pieces (gained 8).
A quokka comes into view.
Found a stone staircase leading up.
You closely miss the quokka. Your grab misses the quokka.
Your squeeze misses the quokka. The quokka bites you. x2
You hit the quokka but do no damage. You grab the quokka.
You constrict the quokka, but do no damage.
The quokka bites you.
You hit the quokka.
The quokka is almost dead.
You constrict the quokka, but do no damage.
The quokka barely misses you.
You hit the quokka.
You kill the quokka!
You now have 410 gold pieces (gained 5).
A rat comes into view.
Jessica and a ball python come into view.
Jessica is wielding a +0 club, wearing a +2 robe of the Archmagi and carrying a wand of light (12).
Jessica gestures at you while chanting. Pain shoots through your body!
Jessica zaps a wand.
The bolt of light hits you!
* * * LOW HITPOINT WARNING * * *
a - a +0 falchion (weapon)
Jessica zaps a wand.
The bolt of light hits you!
You die...
Your body crumbles into a pile of gold.

#.........# ..
#.........# .
#.........#
#.........#
########.........#
.................#
########.........#
.................#
######..@........#
#...@.......#
#......S...#
#.........#
###########


You could see Jessica and a ball python.

Vanquished Creatures
  A hound (D:3)
  An iguana (D:5)
  An adder (D:4)
  3 worms
  2 dart slugs
  An orc (D:3)
  3 ball pythons
  3 endoplasms
  2 giant cockroaches
  4 goblins
  7 hobgoblins
  5 jackals (D:2)
  6 kobolds
  A quokka (D:3)
  5 bats
  A frilled lizard (D:1)
  A rat (D:3)
47 creatures vanquished.

Notes
Turn   | Place    | Note
-------+----------+-------------------------------------------
     0 | D:5      | Esekla the Octopode Delver began the quest for the Orb.
     0 | D:5      | Reached XP level 1. HP: 16/16 MP: 1/1
    35 | D:5      | Noticed an iguana
    43 | D:5      | Killed an iguana
    44 | D:5      | Reached skill level 7 in Stealth
    44 | D:5      | Reached XP level 2. HP: 11/21 MP: 2/2
    44 | D:5      | Reached XP level 3. HP: 14/26 MP: 3/3
   268 | D:5      | Found a staircase to the Ecumenical Temple.
   279 | Temple   | Entered the Ecumenical Temple
   286 | Temple   | Became a worshipper of Gozag Ym Sagoz the Greedy
   359 | D:4      | Noticed a scorpion
   646 | D:3      | Reached skill level 1 in Spellcasting
   759 | D:2      | Reached XP level 4. HP: 27/31 MP: 5/5
  2447 | D:3      | Found a stormy altar of Qazlal.
  2461 | D:3      | Reached XP level 5. HP: 8/36 MP: 6/6
  2752 | D:3      | Noticed Jessica
  2758 | D:3      | Killed from afar by Jessica

Illustrated notes

Levels and vault maps discovered:
D:1:      dpeg_arrival_oval, layout_basic, minmay_misc_feat_nine_boxes,
          wander_ebering_terrifying_dragon_lair
D:2:      layout_basic, nicolae_wormholes
D:3:      layout_rooms, old_standard_altar, uniq_jessica
D:4:      layout_cave_pools, gammafunk_temple_overflow_wave,
          nrook_loot_triangle, nicolae_kite_square_tiling_tiny
D:5:      layout_basic, minmay_temple_entry_drinking_statues, fountainhead
Temple:   nicolae_temple_superstar

Skill      XL: |  1  2  3 |
---------------+----------+-----
Stealth        | 7 |  7.7
Spellcasting   | 1 |  1.1
Fighting       | |  3.5
Short Blades   | |  0.3
Long Blades    | |  2.9
Dodging        | |  2.5

Action                     |  1- 3 |  4- 6 || total
---------------------------+-------+-------++-------
  Melee: Falchion          |    29 |    26 ||    55
         Constrict         |     9 |    13 ||    22
         Tentacles         |     6 |     6 ||    12
         Dagger            |     3 |    35 ||    38
    Use: Scroll            |     4 |       ||     4
   Stab: Sleeping          |     5 |    12 ||    17
         Distracted        |       |     1 ||     1
 Armour: Skin              |     4 |     6 ||    10
  Dodge: Dodged            |    16 |    26 ||    42

Table legend: (Time is in decaauts)
 A = Elapsed time spent in this place.
 B = Non-inter-level travel time spent in this place.
 C = Inter-level travel time spent in this place.
 D = Time resting spent in this place.
 E = Time spent auto-exploring this place.
 F = Levels seen in this place.
 G = Mean time per level.
                   A        B        C        D        E       F      G
               +--------+--------+--------+--------+--------+-----+--------+
         Total |   2758 |   2658 |    100 |    425 |   1116 |   6 |  459.7 |
       Dungeon |   2743 |   2650 |     93 |    425 |   1116 |   5 |  548.6 |
        Temple |     14 |      7 |      7 |      0 |      0 |   1 |   14.0 |
               +--------+--------+--------+--------+--------+-----+--------+

Top non-repeatable levels by time:
     D:1: 900 daAuts
     D:2: 824 daAuts
     D:3: 431 daAuts
     D:5: 302 daAuts
     D:4: 284 daAuts
  Temple: 14 daAuts
